| TOP OF THE 1ST |
|
Seattle Mariners batting - Pitching for Baltimore Orioles : RHP Andrew Castillo
|
|
Pitching: RHP Andrew Castillo
|
|
|
Batting: SHB Miguel Dilone
|
0-0: Ball 1-0: Foul Ball, location: 2F 1-1: Called Strike 1-2: Ball 2-2: Foul Ball, location: 2F 2-2: Foul Ball, location: 2F 2-2: Ball 3-2: Base on Balls
|
|
Batting: LHB Jose Perales
|
0-0: Ball 1-0: Called Strike 1-1: Called Strike 1-2: Ball 2-2: Foul Ball, location: 2F 2-2: Fielders Choice at 2nd, 5-4 (Groundball, 56, EV 93.8 MPH)
|
|
Batting: RHB Robin Yount
|
0-0: Called Strike Jose Perales steals 2nd base 0-1: Foul Ball, location: 2F 0-2: Strikes out swinging
|
|
Batting: LHB Don Mattingly
|
0-0: Called Strike 0-1: Ball Wild Pitch! Jose Perales to third 1-1: SINGLE (Line Drive, 8LS, EV 95.0 MPH) Jose Perales scores
|
|
Batting: LHB Chris Wynn
|
0-0: Called Strike 0-1: Swinging Strike 0-2: Ball 1-2: Ball Pickoff Throw to First - Out! 1-3
|
| Top of the 1st over - 1 run, 1 hit, 0 errors, 0 left on base; Seattle 1 - Baltimore 0 |
| BOTTOM OF THE 1ST |
|
Baltimore Orioles batting - Pitching for Seattle Mariners : RHP Larry Aubel
|
|
Pitching: RHP Larry Aubel
|
|
|
Batting: SHB Willie McGee
|
0-0: Called Strike 0-1: Reached on error, E7 (Flyball, 78D, EV 98.1 MPH)
|
|
Batting: SHB Johnny Ray
|
0-0: Sac Bunt to 13 - play at first, batter OUT! 1-3 Willie McGee to third
|
|
Batting: SHB Steve R Ontiveros
|
0-0: Ball 1-0: Swinging Strike 1-1: Ball 2-1: Ball 3-1: Base on Balls
|
|
Batting: RHB Dwight Evans
|
0-0: Foul Ball, location: 2F 0-1: Ball 1-1: Foul Ball, location: 2F 1-2: Ball 2-2: DOUBLE (Groundball, 3L, EV 106.9 MPH) Willie McGee scores Steve R Ontiveros to third
|
|
Batting: SHB Mike Hart
|
0-0: Called Strike 0-1: Swinging Strike 0-2: Ground out 3-1 (Groundball, 34S, EV 87.5 MPH) Steve R Ontiveros scores Dwight Evans to third
|
|
Batting: RHB Matt Rice
|
0-0: Fly out, F8 (Flyball, 89M, EV 82.5 MPH)
|
| Bottom of the 1st over - 2 runs, 1 hit, 1 error, 1 left on base; Seattle 1 - Baltimore 2 |
| TOP OF THE 2ND |
|
Seattle Mariners batting - Pitching for Baltimore Orioles : RHP Andrew Castillo
|
|
Batting: LHB Chris Wynn
|
0-0: Ball 1-0: Foul Ball, location: 2F 1-1: Ball 2-1: Ball 3-1: Foul Ball, location: 2F 3-2: Strikes out swinging
|
|
Batting: RHB Tony Conigliaro
|
0-0: Called Strike 0-1: Fly out, F9 (Flyball, 9, EV 93.1 MPH)
|
|
Batting: RHB John Rabb
|
0-0: Ball 1-0: Foul Ball, location: 2F 1-1: Called Strike 1-2: Hit by Pitch
|
|
Pinch Runner at 1st Juan DeLiza:
|
|
|
Batting: RHB Ramon Estepa
|
0-0: Called Strike 0-1: Ball 1-1: Fly out, F3 (Line Drive, 3, EV 70.6 MPH)
|
| Top of the 2nd over - 0 runs, 0 hits, 0 errors, 1 left on base; Seattle 1 - Baltimore 2 |
| BOTTOM OF THE 2ND |
|
Baltimore Orioles batting - Pitching for Seattle Mariners : RHP Larry Aubel
|
|
Now at C: Ken Reitz
|
|
|
Batting: RHB Mark Brouhard
|
0-0: SINGLE (Line Drive, 7S, EV 93.1 MPH)
|
|
Batting: RHB Dennis Werth
|
0-0: Called Strike 0-1: Ball 1-1: Ball 2-1: Called Strike 2-2: Ball 3-2: SINGLE (Line Drive, 6MD, EV 109.4 MPH) Mark Brouhard to second Runner from 2nd tries for 3rd, SAFE, no throw by CF
|
|
Batting: RHB Marty G Barrett
|
0-0: Called Strike 0-1: Ball 1-1: Fielders Choice at 2nd, 6-4 (Groundball, 6MS, EV 90.0 MPH) Mark Brouhard scores
|
|
Batting: SHB Willie McGee
|
0-0: Ball 1-0: Fielders Choice at 2nd, 3-6 (Groundball, 3, EV 87.5 MPH)
|
|
Batting: SHB Johnny Ray
|
0-0: Ball Willie McGee steals 2nd base 1-0: Ground out 1-3 (Groundball, 13, EV 72.5 MPH)
|
| Bottom of the 2nd over - 1 run, 2 hits, 0 errors, 1 left on base; Seattle 1 - Baltimore 3 |
| TOP OF THE 3RD |
|
Seattle Mariners batting - Pitching for Baltimore Orioles : RHP Andrew Castillo
|
|
Batting: LHB Glen Franklin
|
0-0: Ball 1-0: Called Strike 1-1: Ground out 4-3 (Groundball, 4, EV 84.4 MPH)
|
|
Batting: SHB Miguel Dilone
|
0-0: Ball 1-0: Ball 2-0: Ball 3-0: Called Strike 3-1: Base on Balls
|
|
Batting: LHB Jose Perales
|
0-0: Ball 1-0: Ball 2-0: Ball 3-0: Called Strike 3-1: Base on Balls Miguel Dilone to second
|
|
Batting: RHB Robin Yount
|
0-0: Called Strike Miguel Dilone steals 3rd base Jose Perales to second 0-1: Ball 1-1: Foul Ball, location: 2F 1-2: Ball 2-2: Foul Ball, location: 2F 2-2: Ball 3-2: Base on Balls
|
|
Batting: LHB Don Mattingly
|
0-0: Ball 1-0: Foul Ball, location: 2F 1-1: Ball 2-1: Called Strike 2-2: Foul Ball, location: 2F 2-2: Foul Ball, location: 2F 2-2: Ball 3-2: Foul Ball, location: 2F 3-2: Foul Ball, location: 2F 3-2: DOUBLE (Flyball, 78XD, EV 111.9 MPH) Miguel Dilone scores Jose Perales scores Robin Yount to third Runner from 3rd tries for Home, SAFE, no throw by CF
|
|
Batting: LHB Chris Wynn
|
0-0: Ball 1-0: Ball 2-0: Fly out, F8 (Flyball, 78M, EV 86.3 MPH)
|
|
Batting: RHB Tony Conigliaro
|
0-0: Ball 1-0: Ground out 4-3 (Groundball, 4, EV 83.1 MPH)
|
| Top of the 3rd over - 3 runs, 1 hit, 0 errors, 1 left on base; Seattle 4 - Baltimore 3 |
| BOTTOM OF THE 3RD |
|
Baltimore Orioles batting - Pitching for Seattle Mariners : RHP Larry Aubel
|
|
Batting: SHB Steve R Ontiveros
|
0-0: Ball 1-0: Foul Ball, location: 2F 1-1: Foul Ball, location: 2F 1-2: Ball 2-2: Foul Ball, location: 2F 2-2: Foul Ball, location: 2F 2-2: Ball 3-2: Base on Balls
|
|
Batting: RHB Dwight Evans
|
0-0: Called Strike 0-1: Swinging Strike 0-2: Ball 1-2: Foul Ball, location: 2F 1-2: Ball 2-2: Ball 3-2: Strikes out swinging Steve R Ontiveros is caught stealing 2nd base 2-4 Batter strikes out.
|
|
Batting: SHB Mike Hart
|
0-0: Swinging Strike 0-1: Ball 1-1: Ball 2-1: Foul Ball, location: 2F 2-2: Foul Ball, location: 2F 2-2: Fly out, F8 (Flyball, 78S, EV 86.3 MPH)
|
| Bottom of the 3rd over - 0 runs, 0 hits, 0 errors, 0 left on base; Seattle 4 - Baltimore 3 |
| TOP OF THE 4TH |
|
Seattle Mariners batting - Pitching for Baltimore Orioles : RHP Andrew Castillo
|
|
Batting: RHB Ken Reitz
|
0-0: Called Strike 0-1: Foul Ball, location: 2F 0-2: Ball 1-2: DOUBLE (Line Drive, 7LD, EV 105.0 MPH)
|
|
Batting: RHB Ramon Estepa
|
0-0: Called Strike 0-1: 2-RUN HOME RUN (Flyball, 89XD, EV 100.0 MPH), Distance : 443 ft
|
|
Pitching: RHP Robert Weismore
|
|
|
Batting: LHB Glen Franklin
|
0-0: Ball 1-0: Ball 2-0: Ball 3-0: Called Strike 3-1: Base on Balls
|
|
Batting: SHB Miguel Dilone
|
0-0: SINGLE (Line Drive, 4D, EV 103.8 MPH) Glen Franklin to second
|
|
Batting: LHB Jose Perales
|
0-0: Ball 1-0: Foul Ball, location: 2F 1-1: Ball 2-1: Ball 3-1: Base on Balls Glen Franklin to third Miguel Dilone to second
|
|
Batting: RHB Robin Yount
|
0-0: Fielders Choice at 2nd, 6-4 (Groundball, 6, EV 90.6 MPH) Glen Franklin scores Miguel Dilone to third
|
|
Batting: LHB Don Mattingly
|
0-0: Ball 1-0: Fly out, F7 (Flyball, 7, EV 88.1 MPH) Runner from 3rd tags up, SCORES, throw by LF
|
|
Batting: LHB Chris Wynn
|
0-0: Ball 1-0: Ball 2-0: Ball Robin Yount steals 2nd base 3-0: Called Strike 3-1: Ground out 4-3 (Groundball, 4, EV 101.3 MPH)
|
| Top of the 4th over - 4 runs, 3 hits, 0 errors, 1 left on base; Seattle 8 - Baltimore 3 |
| BOTTOM OF THE 4TH |
|
Baltimore Orioles batting - Pitching for Seattle Mariners : RHP Larry Aubel
|
|
Batting: RHB Matt Rice
|
0-0: Foul Ball, location: 2F 0-1: Ball 1-1: Foul Ball, location: 2F 1-2: Ball 2-2: Fly out, F4 (Line Drive, 4, EV 73.1 MPH)
|
|
Batting: RHB Mark Brouhard
|
0-0: Ball 1-0: Fly out, F7 (Line Drive, 7, EV 92.5 MPH)
|
|
Batting: RHB Dennis Werth
|
0-0: Foul Ball, location: 2F 0-1: Foul Ball, location: 2F 0-2: Strikes out swinging
|
| Bottom of the 4th over - 0 runs, 0 hits, 0 errors, 0 left on base; Seattle 8 - Baltimore 3 |
| TOP OF THE 5TH |
|
Seattle Mariners batting - Pitching for Baltimore Orioles : RHP Robert Weismore
|
|
Batting: RHB Tony Conigliaro
|
0-0: Ground out 6-3 (Groundball, 6S, EV 72.5 MPH)
|
|
Batting: RHB Ken Reitz
|
0-0: Foul Ball, location: 2F 0-1: Swinging Strike 0-2: Strikes out looking
|
|
Batting: RHB Ramon Estepa
|
0-0: Ball 1-0: Foul Ball, location: 2F 1-1: Swinging Strike 1-2: Ball 2-2: Strikes out swinging
|
| Top of the 5th over - 0 runs, 0 hits, 0 errors, 0 left on base; Seattle 8 - Baltimore 3 |
| BOTTOM OF THE 5TH |
|
Baltimore Orioles batting - Pitching for Seattle Mariners : RHP Larry Aubel
|
|
Batting: RHB Marty G Barrett
|
0-0: Ball 1-0: Ball 2-0: Called Strike 2-1: Ball 3-1: Ground out 6-3 (Groundball, 6, EV 77.5 MPH)
|
|
Batting: SHB Willie McGee
|
0-0: Called Strike 0-1: Ball 1-1: Ball 2-1: SINGLE (Groundball, 6MD, EV 100.6 MPH)
|
|
Batting: SHB Johnny Ray
|
0-0: Ball 1-0: Called Strike 1-1: Foul Ball, location: 2F 1-2: Grounds into double play, 4-6-3 (Groundball, 34, EV 106.3 MPH)
|
| Bottom of the 5th over - 0 runs, 1 hit, 0 errors, 0 left on base; Seattle 8 - Baltimore 3 |
| TOP OF THE 6TH |
|
Seattle Mariners batting - Pitching for Baltimore Orioles : RHP Robert Weismore
|
|
Batting: LHB Glen Franklin
|
0-0: Fly out, F8 (Flyball, 8LD, EV 89.4 MPH)
|
|
Batting: SHB Miguel Dilone
|
0-0: Ball 1-0: Ball 2-0: Foul Ball, location: 2F 2-1: SINGLE (Groundball, 4D, EV 98.1 MPH)
|
|
Batting: LHB Jose Perales
|
0-0: Ball 1-0: Called Strike Miguel Dilone steals 2nd base 1-1: Swinging Strike 1-2: Ground out 4-3 (Groundball, 4M, EV 86.3 MPH) Miguel Dilone to third
|
|
Batting: RHB Robin Yount
|
0-0: Called Strike 0-1: Ball 1-1: TRIPLE (Flyball, 8RXD, EV 96.9 MPH) Miguel Dilone scores
|
|
Batting: LHB Don Mattingly
|
0-0: Ball 1-0: Foul Ball, location: 2F 1-1: Called Strike 1-2: DOUBLE (Line Drive, 78XD, EV 106.3 MPH) Robin Yount scores
|
|
Batting: LHB Chris Wynn
|
0-0: Ball 1-0: 2-RUN HOME RUN (Flyball, 78XD, EV 99.4 MPH), Distance : 428 ft
|
|
Pitching: RHP Jim M Hughes
|
|
|
Batting: RHB Tony Conigliaro
|
0-0: Fly out, F7 (Flyball, 7LD, EV 85.0 MPH)
|
| Top of the 6th over - 4 runs, 4 hits, 0 errors, 0 left on base; Seattle 12 - Baltimore 3 |
| BOTTOM OF THE 6TH |
|
Baltimore Orioles batting - Pitching for Seattle Mariners : RHP Larry Aubel
|
|
Batting: SHB Steve R Ontiveros
|
0-0: Ball 1-0: Fly out, F7 (Line Drive, 7, EV 104.4 MPH)
|
|
Batting: RHB Dwight Evans
|
0-0: Called Strike 0-1: Ball 1-1: Foul Ball, location: 2F 1-2: Foul Ball, location: 2F 1-2: Fly out, F9 (Flyball, 89M, EV 83.1 MPH)
|
|
Batting: SHB Mike Hart
|
0-0: Ball 1-0: Called Strike 1-1: Ball 2-1: Ball 3-1: Base on Balls
|
|
Batting: RHB Matt Rice
|
0-0: Called Strike 0-1: Ball 1-1: Ground out 3-1 (Groundball, 13, EV 78.8 MPH)
|
| Bottom of the 6th over - 0 runs, 0 hits, 0 errors, 1 left on base; Seattle 12 - Baltimore 3 |
| TOP OF THE 7TH |
|
Seattle Mariners batting - Pitching for Baltimore Orioles : RHP Jim M Hughes
|
|
Batting: RHB Ken Reitz
|
0-0: SINGLE (Groundball, 34D, EV 98.8 MPH)
|
|
Batting: RHB Ramon Estepa
|
0-0: Ball 1-0: Foul Ball, location: 2F 1-1: Reached on error, E9 (Flyball, 9S, EV 90.0 MPH) Ken Reitz to second
|
|
Batting: LHB Glen Franklin
|
0-0: Ball 1-0: Ground out U3 (Groundball, 3S, EV 67.5 MPH) Ken Reitz to third Ramon Estepa to second
|
|
Batting: SHB Miguel Dilone
|
0-0: Called Strike 0-1: Ball 1-1: Ball 2-1: Foul Ball, location: 2F 2-2: Ball 3-2: Base on Balls
|
|
Batting: LHB Jose Perales
|
0-0: Ball 1-0: Fly out, F8 (Flyball, 78XD, EV 85.6 MPH) Runner from 3rd tags up, SCORES, no throw by CF Ramon Estepa to third
|
|
Batting: RHB Robin Yount
|
0-0: Ball 1-0: SINGLE (Line Drive, 6D, EV 96.9 MPH) Ramon Estepa scores Miguel Dilone to second
|
|
Batting: LHB Don Mattingly
|
0-0: Called Strike 0-1: Ball Wild Pitch! Miguel Dilone to third Robin Yount to second 1-1: Ball 2-1: Foul Ball, location: 2F 2-2: Foul Ball, location: 2F 2-2: Ball 3-2: Ground out U3 (Groundball, 34, EV 102.5 MPH)
|
| Top of the 7th over - 2 runs, 2 hits, 1 error, 2 left on base; Seattle 14 - Baltimore 3 |
| BOTTOM OF THE 7TH |
|
Baltimore Orioles batting - Pitching for Seattle Mariners : RHP Larry Aubel
|
|
Batting: RHB Mark Brouhard
|
0-0: Ground out U3 (Groundball, 3, EV 88.8 MPH)
|
|
Batting: RHB Dennis Werth
|
0-0: Foul Ball, location: 2F 0-1: Called Strike 0-2: Ball 1-2: Fly out, F9 (Flyball, 9S, EV 86.3 MPH)
|
|
Pinch Hitting: RHB Ron Cey
|
0-0: Ball 1-0: Swinging Strike 1-1: Ball 2-1: Ball 3-1: Called Strike 3-2: Ground out 5-3 (Groundball, 5L, EV 92.5 MPH)
|
| Bottom of the 7th over - 0 runs, 0 hits, 0 errors, 0 left on base; Seattle 14 - Baltimore 3 |
| TOP OF THE 8TH |
|
Seattle Mariners batting - Pitching for Baltimore Orioles : RHP Jim M Hughes
|
|
Now at 3B: Ron Cey
|
|
|
Batting: LHB Chris Wynn
|
0-0: Called Strike 0-1: Ball 1-1: Swinging Strike 1-2: Ball 2-2: Strikes out swinging
|
|
Batting: RHB Tony Conigliaro
|
0-0: Ball 1-0: Foul Ball, location: 2F 1-1: Fly out, F7 (Flyball, 7, EV 85.6 MPH)
|
|
Batting: RHB Ken Reitz
|
0-0: Ground out 5-3 (Groundball, 56, EV 108.8 MPH)
|
| Top of the 8th over - 0 runs, 0 hits, 0 errors, 0 left on base; Seattle 14 - Baltimore 3 |
| BOTTOM OF THE 8TH |
|
Baltimore Orioles batting - Pitching for Seattle Mariners : RHP Larry Aubel
|
|
Pitching: RHP Timothy Jones
|
|
|
Batting: SHB Willie McGee
|
0-0: Called Strike 0-1: Ground out 6-3 (Groundball, 6, EV 88.1 MPH)
|
|
Batting: SHB Johnny Ray
|
0-0: Ball 1-0: Ball 2-0: Called Strike 2-1: Foul Ball, location: 2F 2-2: Foul Ball, location: 2F 2-2: Strikes out swinging
|
|
Batting: SHB Steve R Ontiveros
|
0-0: Foul Ball, location: 2F 0-1: Ball 1-1: SINGLE (Groundball, 34S, EV 71.3 MPH) (infield hit)
|
|
Batting: RHB Dwight Evans
|
0-0: Ground out 4-3 (Groundball, 4, EV 106.9 MPH)
|
| Bottom of the 8th over - 0 runs, 1 hit, 0 errors, 1 left on base; Seattle 14 - Baltimore 3 |
| TOP OF THE 9TH |
|
Seattle Mariners batting - Pitching for Baltimore Orioles : RHP Jim M Hughes
|
|
Batting: RHB Ramon Estepa
|
0-0: Hit by Pitch
|
|
Batting: LHB Glen Franklin
|
0-0: Ball 1-0: Called Strike 1-1: Ball 2-1: Foul Ball, location: 2F 2-2: Ball 3-2: Base on Balls Ramon Estepa to second
|
|
Batting: SHB Miguel Dilone
|
0-0: Ball 1-0: Fielders Choice at 2nd, 3-6 (Groundball, 34, EV 89.4 MPH) Ramon Estepa to third
|
|
Batting: LHB Jose Perales
|
0-0: Ball 1-0: Ball 2-0: Ball 3-0: Called Strike 3-1: Base on Balls Miguel Dilone to second
|
|
Batting: RHB Robin Yount
|
0-0: Fly out, F7 (Line Drive, 7, EV 87.5 MPH) Runner from 3rd tags up, SCORES, throw by LF
|
|
Batting: LHB Don Mattingly
|
0-0: Ball 1-0: SINGLE (Line Drive, 9S, EV 101.3 MPH) Miguel Dilone to third Jose Perales to second Runner from 3rd tries for Home, SAFE, throw by RF to home
|
|
Batting: LHB Chris Wynn
|
0-0: Called Strike 0-1: Ball 1-1: Called Strike 1-2: Ground out 4-3 (Groundball, 4, EV 106.9 MPH)
|
| Top of the 9th over - 2 runs, 1 hit, 0 errors, 2 left on base; Seattle 16 - Baltimore 3 |
| BOTTOM OF THE 9TH |
|
Baltimore Orioles batting - Pitching for Seattle Mariners : RHP Timothy Jones
|
|
Batting: SHB Mike Hart
|
0-0: Ball 1-0: Foul Ball, location: 2F 1-1: Ball 2-1: Foul Ball, location: 2F 2-2: Ball 3-2: Strikes out swinging
|
|
Batting: RHB Matt Rice
|
0-0: Called Strike 0-1: Foul Ball, location: 2F 0-2: SINGLE (Flyball, 7LS, EV 90.6 MPH)
|
|
Batting: RHB Mark Brouhard
|
0-0: Ball 1-0: Fly out, F6 (Popup, 6MS, EV 68.8 MPH)
|
|
Batting: RHB Dennis Werth
|
0-0: Ball 1-0: Swinging Strike 1-1: Swinging Strike 1-2: Ball 2-2: Ball 3-2: Strikes out looking
|
| Bottom of the 9th over - 0 runs, 1 hit, 0 errors, 1 left on base; Seattle 16 - Baltimore 3 |
|